AoeStats
← renesampaio

Glade

510429445Analyzed
1v1 RM · 2d ago on Oct 1, 2026· 18m 12s· 2 players
Game mode
Random Map
Map size
Tiny (2 player)
Population
200
Speed
Normal
Resources
Standard
Victory
Conquest
Starting age
Dark Age
Ending age
Imperial Age
RankedLock teamsTeams togetherTeam positionsShared explorationLock speedFull tech treeHidden civsTurbo modeCheats
Victory
Defeat
🇦🇷 Slavs · Argentina
896
+17
🇧🇷 Goths · Brazil
926
-17
Yanluk
6:38 Loom
11:44 Feudal Age
12:46 Double-Bit Axe
13:05 Gold Mining
14:02 Horse Collar
13:52 Man-at-Arms
16:20 Forging
19:18 Wheelbarrow
18:52 Scale Mail Armor
renesampaio
2:38 Loom
10:19 Feudal Age
11:09 Double-Bit Axe
11:06 Horse Collar
Connection lost

Rejoining the realm…

Still unreachable

The connection could not be restored.

Session expired

The server has moved on; the page needs a fresh start.